 Dungeon Crawl Stone Soup version 0.31-a0-795-g5eb97db20b (webtiles) character file.

Game seed: 8110354877799445378

89 javelincjr the Magician (level 4, -5/30 HPs)
             Began as a Demonspawn Hedge Wizard on Sept 18, 2023.
             Slain by Terence
             ... wielding a +0 trident
              (7 damage)
             ... on level 2 of the Dungeon.
             The game lasted 00:05:09 (1612 turns).

javelincjr the Magician (Demonspawn Hedge Wizard)   Turns: 1612, Time: 00:05:09

Health: -5/30      AC:  2    Str: 11    XL:     4   Next: 31%
Magic:  6/9        EV: 12    Int: 17    God:
Gold:   54         SH:  0    Dex: 12    Spells: 8/9 levels left

rFire   . . .        e - +1 dagger (pain)
rCold   . . .        (no shield)
rNeg    . . .        b - +0 robe
rPois   .            c - +0 hat
rElec   .            (no cloak)
rCorr   .            (no gloves)
SInv    .            (no boots)
Will    .....        (no amulet)
Stlth   ++           (no ring)
HPRegen 0.25/turn    (no ring)
MPRegen 0.22/turn

%: no passive effects
@: no status effects
A: antennae 1, magic regeneration, weakness stinger 1
a: no special abilities


You were on level 2 of the Dungeon.
You visited 1 branch of the dungeon, and saw 2 of its levels.

You collected 54 gold pieces.

Inventory:

Hand Weapons
 a - a +0 dagger
 e - a +1 dagger of pain (weapon)
Armour
 b - a +0 robe (worn)
 c - a +0 hat (worn)
 j - a +0 cloak
Magical Staves
 k - a staff of air
Scrolls
 f - a scroll of identify {unknown}
 h - a scroll of vulnerability {unknown}
 l - a scroll of silence {unknown}
Potions
 d - a potion of magic
 g - a potion of heal wounds {unknown}
 i - a potion of mutation {unknown}


   Skills:
 + Level 2.3 Dodging
 + Level 2.4 Stealth
 + Level 3.3 Spellcasting
 + Level 1.8 Conjurations
 + Level 1.8 Summonings
 + Level 1.6 Translocations


You had 8 spell levels left.
You knew the following spells:

 Your Spells              Type           Power      Damage    Failure   Level
a - Magic Dart            Conj           36%        1d4       8%          1

Your spell library contained the following spells:

 Spells                   Type           Power      Damage    Failure   Level
 Call Imp                 Summ           18%        N/A       12%         2
 Searing Ray              Conj           18%        2d5       12%         2
 Blink                    Tloc           16%        N/A       13%         2
 Lesser Beckoning         Tloc           16%        N/A       13%         2
 Momentum Strike          Conj/Tloc      16%        3d8       13%         2
 Slow                     Hex            8%         N/A       17%         1
 Cigotuvi's Dreadful Rot  Necr/Pois/Air  4%         N/A       26%         2
 Mephitic Cloud           Conj/Pois/Air  4%         N/A       36%         3
 Frozen Ramparts          Ice            4%         1d1       45%         3
 Fulminant Prism          Conj/Hex       2%         3d5       75%         4
 Petrify                  Tmut/Erth      2%         N/A       86%         4
 Metabolic Englaciation   Hex/Ice        1%         N/A       99%         5


Dungeon Overview and Level Annotations

Branches:
Dungeon (2/15)

Altars:

Annotations:
D:2 Terence


Innate Abilities, Weirdness & Mutations

You have a pair of small antennae on your head.
You regenerate magic rapidly.
You have a small tail.


Message History

There is a large open door here.
Terence the Incautious comes into view.
He is wielding a +0 trident.
The magic dart hits Terence but does no damage.
Terence is nearby!
The magic dart hits Terence.
Terence is lightly wounded.
The magic dart hits Terence but does no damage.
Terence is lightly wounded.
The magic dart hits Terence.
Terence is lightly wounded.
The magic dart hits Terence but does no damage.
Terence is lightly wounded.
The magic dart hits Terence.
Terence is lightly wounded.
Terence hits you from afar with a +0 trident!
Casting: Magic Dart (safe; 8% risk of failure)
Confirm with . or Enter, or press ? or * to list all spells.
Okay, then.
Terence barely misses you.
You hit Terence but do no damage.
Terence is lightly wounded.
Terence barely misses you.
You completely miss Terence.
Terence is lightly wounded.
Terence hits you with a +0 trident!
* * * LOW HITPOINT WARNING * * *
You barely miss Terence.
Terence is lightly wounded.
Terence closely misses you.
You hit Terence. Your punch misses Terence.
Terence is lightly wounded.
Terence hits you with a +0 trident!
* * * LOW HITPOINT WARNING * * *
You hit Terence but do no damage.
Terence is lightly wounded.
Terence closely misses you.
You hit Terence but do no damage.
Terence is lightly wounded.
Terence hits you with a +0 trident!
You die...

♣....♣#### # ♣.....'..#
# ♣.....'..#### # .
♣....♣#.....### ..
♣♣....♣#..##...)
...♣♣♣♣♣♣....♣♣########.
............♣♣ ##
♣..........♣♣
♣....@@..♣♣ ♣♣!.....♣♣
♣♣♣..♣♣♣ #'' .... #####


You could see Terence.

Vanquished Creatures
  Jessica (D:2)
  3 gnolls
  A dart slug (D:2)
  6 ball pythons
  6 endoplasms
  2 hobgoblins
  4 bats
  A frilled lizard (D:1)
  2 goblins (D:1)
  5 kobolds
  3 rats
34 creatures vanquished.

Notes
Turn   | Place    | Note
-------+----------+-------------------------------------------
     0 | D:1      | javelincjr the Demonspawn Hedge Wizard began the quest for
                  | the Orb.
     0 | D:1      | Reached XP level 1. HP: 13/13 MP: 4/4
    78 | D:1      | Found a faded altar of an unknown god.
   150 | D:1      | Reached skill level 1 in Translocations
   304 | D:1      | Discovered your monstrous ancestry.
   304 | D:1      | Gained mutation: You have a small tail. [demonic ancestry]
   304 | D:1      | Reached XP level 2. HP: 19/19 MP: 1/6
   826 | D:2      | Noticed Jessica
   833 | D:2      | Killed Jessica
   834 | D:2      | Gained mutation: You have a pair of small antennae on your
                  | head. [demonic ancestry]
   834 | D:2      | Reached XP level 3. HP: 24/24 MP: 1/7
  1229 | D:1      | Gained mutation: You regenerate magic rapidly. [demonic
                  | ancestry]
  1229 | D:1      | Reached XP level 4. HP: 6/30 MP: 0/8
  1599 | D:2      | Noticed Terence
  1612 | D:2      | Slain by Terence

Illustrated notes

Levels and vault maps discovered:
D:1:      dpeg_arrival_tiny_b, layout_loops_ring,
          hellmonk_ecumenical_altar_arch_garden, serial_park_tiny_2
D:2:      layout_rooms, serial_corexii_hall, corexii_hall_statues_l,
          chequers_hall_statues_corner_a, chequers_hall_statues_y,
          kennysheep_big_empty_room, uniq_jessica, uniq_terence

Skill      XL: |  1  2 |
---------------+-------+-----
Translocations | 1 |  1.6
Stealth        | 2 |  2.4
Dodging        | 2 |  2.3
Spellcasting   | |  3.3
Conjurations   | |  1.8
Summonings     | |  1.8

Action                     |  1- 3 |  4- 6 || total
---------------------------+-------+-------++-------
  Melee: Dagger            |    41 |     8 ||    49
         Tailslap          |     1 |       ||     1
   Cast: Magic Dart        |    50 |    29 ||    79
   Stab: Sleeping          |     4 |       ||     4
 Armour: Robe              |    14 |    12 ||    26
  Dodge: Dodged            |    27 |    14 ||    41

Table legend: (Time is in decaauts)
 A = Elapsed time spent in this place.
 B = Non-inter-level travel time spent in this place.
 C = Inter-level travel time spent in this place.
 D = Time resting spent in this place.
 E = Time spent auto-exploring this place.
 F = Levels seen in this place.
 G = Mean time per level.
                   A        B        C        D        E       F      G
               +--------+--------+--------+--------+--------+-----+--------+
         Total |   1613 |   1574 |     39 |    194 |   1125 |   2 |  806.5 |
       Dungeon |   1613 |   1574 |     39 |    194 |   1125 |   2 |  806.5 |
               +--------+--------+--------+--------+--------+-----+--------+

Top non-repeatable levels by time:
     D:1: 1042 daAuts
     D:2: 570 daAuts
